 Dungeon Crawl Stone Soup version 0.28-a0-723-g095bd1b44f (webtiles) character file.

Game seed: 10317833967927055659

1491 KoroneIsBestGirl the Frost Mage (level 8, 0/52 HPs)
             Began as a Barachi Ice Elementalist on Oct 25, 2021.
             Was an Initiate of Gozag.
             Slain by a vampire mosquito (5 damage)
             ... on level 5 of the Dungeon.
             The game lasted 00:10:59 (7012 turns).

KoroneIsBestGirl the Frost Mage (BaIE)              Turns: 7012, Time: 00:11:00

Health: 0/52       AC:  6    Str: 17    XL:     8   Next: 80%
Magic:  16/16      EV: 13    Int: 19    God:    Gozag
Gold:   580        SH:  0    Dex: 12    Spells: 14/18 levels left

rFire   x . .      SeeInvis .   u - -3 demon blade
rCold   + . .      Faith    .   (no shield)
rNeg    . . .      Spirit   .   t - +1 ring mail "Forget-Me-Not" {rElec rF- rC+ Str+8}
rPois   .          Reflect  .   (no helmet)
rElec   +          Harm     .   (no cloak)
rCorr   .          Rampage  .   (no gloves)
Will    .....                   (no boots)
Stlth   +.........              (no amulet)
HPRegen 0.17/turn               (no ring)
MPRegen 0.15/turn               (no ring)

@: unable to hop, slow
A: amphibious, slowness 1, strong legs 1, +LOS
a: Hop, Renounce Religion, Potion Petition, Call Merchant, Bribe Branch


You were on level 5 of the Dungeon.
You worshipped Gozag.
Gozag was pleased with you.
You visited 1 branch of the dungeon, and saw 6 of its levels.

You collected 603 gold pieces.
You spent 1 gold pieces at shops.
You paid 22 gold pieces to Gozag.

Inventory:

Hand Weapons
 u - a -3 demon blade (weapon)
Missiles
 s - a throwing net
Armour
 a - a +0 robe
 t - the +1 ring mail "Forget-Me-Not" (worn) {rElec rF- rC+ Str+8}
   (You found it on level 4 of the Dungeon)

   Str:       It affects your strength (+8).
   rF:        It makes you vulnerable to fire.
   rC:        It protects you from cold.
   rElec:     It insulates you from electricity.
 w - a +0 kite shield
Wands
 k - a wand of acid (12)
 o - a wand of mindburst (16)
 v - a wand of polymorph (9)
Scrolls
 c - a scroll of magic mapping
 g - 2 scrolls of amnesia {unknown}
 h - 2 scrolls of torment
 i - 2 scrolls of immolation
 l - a scroll of fear
 r - a scroll of enchant weapon {unknown}
 y - a scroll of teleportation {unknown}
Potions
 d - 2 potions of cancellation {unknown}
 e - a potion of berserk rage {unknown}
 f - 3 potions of flight {unknown}
 j - 2 potions of ambrosia {unknown}
 m - 2 potions of degeneration {unknown}
 n - a potion of curing {unknown}
 p - a potion of heal wounds {unknown}
 q - 2 potions of lignification {unknown}
 x - a potion of invisibility {unknown}


   Skills:
 + Level 3.1 Long Blades
 - Level 4.1 Armour
 - Level 6.0 Dodging
 - Level 1.7 Stealth
 * Level 2.7 Shields
 + Level 5.8 Spellcasting
 - Level 8.0 Ice Magic


You had 14 spell levels left.
You knew the following spells:

 Your Spells              Type           Power      Damage    Failure   Level
a - Freeze                Ice            100%       1d11      1%          1
b - Frozen Ramparts       Ice            70%        1d9       2%          3

Your spell library contained the following spells:

 Spells                   Type           Power      Damage    Failure   Level
 Ozocubu's Armour         Ice            35%        N/A       2%          3
 Hailstorm                Conj/Ice       20%        3d6       36%         4
 Gell's Gravitas          Tloc           2%         N/A       52%         3
 Lesser Beckoning         Tloc           5%         N/A       52%         3
 Teleport Other           Tloc           5%         N/A       52%         3
 Borgnjor's Revivificati  Necr           2%         N/A       100%        8
 Necromutation            Tmut/Necr      2%         N/A       100%        8
 Death's Door             Necr           2%         N/A       100%        9


Dungeon Overview and Level Annotations

Branches:
Dungeon (6/15)             Temple (0/1) D:5

Altars:
Dithmenos
Gozag
Makhleb
Qazlal

Shops:
D:3 *   D:4 *


Innate Abilities, Weirdness & Mutations

You are amphibious.
You cover ground slowly.
You can hop short distances.
You have an extended range of vision and can be seen from far away.


Message History

You now have 580 gold pieces (gained 4).
There is a stone staircase leading down here.
You climb downwards.
The vampire mosquito barely misses you.
The vampire mosquito closely misses you. x2
The vampire mosquito completely misses you.
The vampire mosquito misses you.
The vampire mosquito completely misses you.
There is a stone staircase leading up, spattered with blood here.
The vampire mosquito bites you but does no damage.
The vampire mosquito bites you.
The vampire mosquito draws strength from your injuries!
The vampire mosquito bites you.
The vampire mosquito draws strength from your injuries!
You climb upwards.
There is a stone staircase leading down here.
Hop to where?
Press: ? - help, Dir - move target Boing!
The vampire mosquito closely misses you.
The vampire mosquito barely misses you.
The vampire mosquito bites you but does no damage.
The vampire mosquito closely misses you.
The vampire mosquito bites you!
The vampire mosquito draws strength from your injuries!
The vampire mosquito bites you!
The vampire mosquito draws strength from your injuries!
The vampire mosquito bites you!
The vampire mosquito draws strength from your injuries!
The vampire mosquito bites you but does no damage.
The vampire mosquito barely misses you.
The vampire mosquito completely misses you.
The vampire mosquito bites you.
* * * LOW HITPOINT WARNING * * *
The vampire mosquito draws strength from your injuries!
The vampire mosquito bites you!
* * * LOW HITPOINT WARNING * * *
The vampire mosquito draws strength from your injuries!
The vampire mosquito bites you.
You die...
Your body crumbles into a pile of gold.

..#.####.......#.##
....##...#####....##
..#.##.### #.....# ....##.#
##....# ..#....# #....#
......## #....#
#.#...##########.#.#
..............##.#.#
###.........(.##@#.#
..............##yy.#
.##...........###..#
..............# #..##
##............###...#######
##...##......#.....#(....##
#8...8#...................##
###...##....................#
.##...##.............>......#


You could see 2 vampire mosquitoes.

Vanquished Creatures
  Sigmund (D:3)
  A wyvern (D:4)
  An orc warrior (D:4)
  2 ogres
  A necrophage (D:2)
  A phantom (D:5)
  3 scorpions
  A howler monkey (D:6)
  A bullfrog zombie (D:6)
  2 hounds
  A jelly (D:4)
  A bullfrog skeleton (D:5)
  A gnoll shaman (D:4)
  2 iguanas
  5 orc wizards
  A hound zombie (D:5)
  4 gnolls (D:4)
  4 adders
  6 dart slugs
  11 orcs
  4 ball pythons
  2 bats (D:2)
  8 endoplasms
  3 giant cockroaches
  11 goblins
  7 hobgoblins
  4 jackals (D:1)
  2 quokkas (D:1)
  2 frilled lizards
  7 kobolds
  A quokka skeleton (D:4)
  7 rats
108 creatures vanquished.

Vanquished Creatures (others)
  8 plants (D:2)
  15 withered plants (D:2)
23 creatures vanquished.

Grand Total: 131 creatures vanquished

Notes
Turn   | Place    | Note
-------+----------+-------------------------------------------
     0 | D:1      | KoroneIsBestGirl the Barachi Ice Elementalist began the
                  | quest for the Orb.
     0 | D:1      | Reached XP level 1. HP: 13/13 MP: 3/3
   120 | D:1      | Reached skill level 5 in Ice Magic
   137 | D:1      | Reached XP level 2. HP: 10/19 MP: 1/5
   988 | D:1      | Reached XP level 3. HP: 24/24 MP: 4/7
  1584 | D:2      | Learned a level 3 spell: Frozen Ramparts
  1681 | D:2      | Noticed a necrophage
  1722 | D:2      | Killed a necrophage
  1723 | D:2      | Reached XP level 4. HP: 1/30 MP: 0/9
  1723 | D:2      | Reached XP level 5. HP: 1/35 MP: 0/10
  2407 | D:2      | Found a faded altar of an unknown god.
  2743 | D:3      | Found a stormy altar of Qazlal.
  2974 | D:3      | Noticed Sigmund
  2984 | D:3      | Killed Sigmund
  2985 | D:3      | Reached skill level 6 in Ice Magic
  2985 | D:3      | Reached XP level 6. HP: 37/41 MP: 4/12
  3184 | D:3      | Found Gozag's Platinum Reserve.
  3193 | D:3      | Found an opulent altar of Gozag.
  3209 | D:3      | Became a worshipper of Gozag Ym Sagoz the Greedy
  3489 | D:4      | Found a shadowy altar of Dithmenos.
  3597 | D:4      | Reached XP level 7. HP: 38/46 MP: 6/13
  3704 | D:4      | Reached skill level 5 in Dodging
  3704 | D:4      | Reached skill level 7 in Ice Magic
  3706 | D:4      | Identified the +1 ring mail "Forget-Me-Not" {rElec rF- rC+
                  | Str+8}
  3829 | D:4      | Found Xics's Lightly-Used Armoury.
  3834 | D:4      | Bought a -3 demon blade for 1 gold piece
  3878 | D:4      | Noticed a wyvern
  3905 | D:4      | Killed a wyvern
  3906 | D:4      | Reached skill level 1 in Armour
  3906 | D:4      | Reached skill level 5 in Spellcasting
  4102 | D:4      | Reached skill level 1 in Long Blades
  4102 | D:4      | Reached XP level 8. HP: 5/52 MP: 6/15
  5089 | D:5      | Entered Level 5 of the Dungeon
  5090 | D:5      | Found a staircase to the Ecumenical Temple.
  6159 | D:5      | Found a burning altar of Makhleb.
  6457 | D:5      | Reached skill level 1 in Shields
  6715 | D:6      | Reached skill level 8 in Ice Magic
  7012 | D:5      | Slain by a vampire mosquito

Illustrated notes

Levels and vault maps discovered:
D:1:      dpeg_arrival_more_subterranean_lakeside_camping, layout_rooms
D:2:      minmay_alternating_diamond, layout_loops_corners,
          shapermc_ecumenical_altar_flowoftime
D:3:      minmay_door_path, layout_loops_ring, mainiacjoe_overflow_boulevard,
          nicolae_gozag_zags_fifth_avenue, uniq_sigmund
D:4:      layout_basic, grunt_dithmenos_smoke, minmay_shop_damaged
D:5:      layout_rooms, kennysheep_mini, minmay_temple_entry_glass,
          corexii_hall_statues_t
D:6:      layout_cave_pools, old_standard_altar, mainiacjoe_overflow_chevrons

Skill      XL: |  1  2  3  4  5  6  7  8 |
---------------+-------------------------+-----
Ice Magic      | 5 6 7 8 |  8.0
Dodging        | 3 4 5 6 |  6.0
Spellcasting   | 3 4 5 |  5.8
Armour         | 3 4 |  4.1
Long Blades    | 1 3 |  3.1
Shields        | 2 |  2.7
Stealth        | |  1.7

Action                   |  1- 3 |  4- 6 |  7- 9 || total
-------------------------+-------+-------+-------++-------
Melee: Dagger            |    25 |     7 |     1 ||    33
       Unarmed           |     1 |       |       ||     1
       Demon blade       |       |       |    67 ||    67
 Cast: Freeze            |    57 |    34 |    45 ||   136
       Frozen Ramparts   |     2 |     4 |     9 ||    15
 Abil: Hop               |     2 |       |     3 ||     5
  Use: Scroll            |       |       |     4 ||     4
 Stab: Distracted        |       |       |     1 ||     1
Armor: Robe              |     9 |     8 |     6 ||    23
       Ring mail         |       |       |    19 ||    19
Dodge: Dodged            |    41 |    31 |   107 ||   179

Table legend: (Time is in decaauts)
 A = Elapsed time spent in this place.
 B = Non-inter-level travel time spent in this place.
 C = Inter-level travel time spent in this place.
 D = Time resting spent in this place.
 E = Time spent auto-exploring this place.
 F = Levels seen in this place.
 G = Mean time per level.
                   A        B        C        D        E       F      G
               +--------+--------+--------+--------+--------+-----+--------+
         Total |   7614 |   7361 |    253 |   1342 |   5082 |   6 | 1269.0 |
       Dungeon |   7614 |   7361 |    253 |   1342 |   5082 |   6 | 1269.0 |
               +--------+--------+--------+--------+--------+-----+--------+

Top non-repeatable levels by time:
     D:4: 2331 daAuts
     D:1: 1437 daAuts
     D:5: 1424 daAuts
     D:2: 1415 daAuts
     D:3: 903 daAuts
     D:6: 103 daAuts
